 Dungeon Crawl Stone Soup version 0.31-a0-229-g1fc7ce93e2 (webtiles) character file.

Game seed: 17426907594264840697

193 qw the Shooter (level 5, -15/45 HPs)
             Began as a Minotaur Hexslinger on July 6, 2023.
             Demolished by Pikel
             ... wielding a +0 whip of electrocution
              (16 damage)
             ... on level 4 of the Dungeon.
             The game lasted 00:01:02 (2332 turns).

qw the Shooter (Minotaur Hexslinger)                Turns: 2332, Time: 00:01:02

Health: -15/45     AC:  6    Str: 13    XL:     5   Next: 44%
Magic:  5/5        EV: 11    Int: 10    God:
Gold:   109        SH:  0    Dex: 14    Spells: 5/6 levels left

rFire   . . .        Y - +1 sling
rCold   . . .        (no shield)
rNeg    . . .        a - +0 ring mail
rPois   .            (helmet restricted)
rElec   .            (no cloak)
rCorr   .            (no gloves)
SInv    .            j - +0 pair of boots
Will    .....        (no amulet)
Stlth   +            (no ring)
HPRegen 0.27/turn    (no ring)
MPRegen 0.09/turn

%: no passive effects
@: about to teleport
A: horns 2, retaliatory headbutt
a: no special abilities


You were on level 4 of the Dungeon.
You visited 1 branch of the dungeon, and saw 4 of its levels.

You collected 109 gold pieces.


Innate Abilities, Weirdness & Mutations

You have a pair of horns on your head.
You reflexively headbutt those who attack you in melee.


   Skills:
 - Level 3.1 Fighting
 + Level 5.3 Ranged Weapons
 - Level 1.6 Armour
 - Level 2.1 Dodging
 - Level 1.0 Spellcasting
 - Level 2.0 Hexes


You had 5 spell levels left.
You knew the following spells:

 Your Spells              Type           Power      Damage    Failure   Level
a - Slow                  Hex            16%        N/A       32%         1

Your spell library contained the following spells:

 Spells                   Type           Power      Damage    Failure   Level
 Inner Flame              Hex/Fire       2%         N/A       82%         3
 Portal Projectile        Hex/Tloc       4%         N/A       82%         3
 Cause Fear               Hex            2%         N/A       97%         4

Inventory:

Hand Weapons
 Y - a +1 sling (weapon)
Armour
 a - a +0 ring mail (worn)
 j - a +0 pair of boots (worn)
Scrolls
 c - a scroll of teleportation
Potions
 b - 2 potions of curing
 e - a potion of cancellation {unknown}
 f - a potion of degeneration {unknown}
 g - a potion of enlightenment
 h - a potion of might {unknown}
 i - a potion of mutation {unknown}
 k - a potion of lignification {unknown}

Dungeon Overview and Level Annotations

Branches:
Dungeon (4/15)
 Temple: D:4-7

Altars:
Makhleb
Trog
Zin

Shops:
D:2 :

Annotations:
D:3 3 runed translucent doors, qw's ghost, amateur GrHs; qw's ghost, amateur MiHs; qw's ghost, weakling GrHs
D:4 Pikel


Message History

You shoot a sling bullet.
The sling bullet closely misses the lemure.
Pikel, Merchant of Souls comes into view.
He is wielding a +0 whip of electrocution and carrying a wand of digging (7).
You shoot a sling bullet.
Pikel shouts!
The sling bullet hits the lemure but does no damage.
You hear a shout! x2
Pikel zaps a wand.
Some rock shatters into small pieces.
A lemure comes into view.
You shoot a sling bullet.
The sling bullet closely misses the lemure.
You shoot a sling bullet. The sling bullet hits the lemure.
The lemure is lightly wounded.
You shoot a sling bullet. The sling bullet hits the lemure.
The lemure is moderately wounded.
The lemure hits you but does no damage. The lemure hits you.
The lemure hits you but does no damage.
You shoot a sling bullet.
The sling bullet closely misses the lemure.
The lemure hits you!
Pikel zaps a wand.
You hear a grinding noise.
The lemure barely misses you. You furiously retaliate!
You headbutt the lemure, but do no damage.
You shoot a sling bullet. The sling bullet hits the lemure!
The lemure is heavily wounded.
The lemure hits you. x2
You shoot a sling bullet.
The sling bullet hits the lemure but does no damage.
The lemure is heavily wounded.
The lemure barely misses you. The lemure hits you.
The lemure barely misses you.
A lemure comes into view.
The lemure hits you. The lemure hits you!
2332 ||| READING 2 scrolls of teleportation.
As you read the scroll of teleportation, it crumbles to dust.
You feel strangely unstable.
The lemure shouts!
The lemure hits you. The lemure closely misses you.
Pikel hits you with a +0 whip of electrocution.
You are electrocuted!
You die...

...# ... ... ..
.5######.#
.........#
......555# ##
#@.# # # #3
#K..##.#.#
########........
#1#_......##.###
#######.........
#3#..#..#..##.
###.>.........
####..##.###
##..##....


You could see Pikel and 4 lemures.

Vanquished Creatures
  A sleepcap (D:2)
  Natasha (thrice) (D:2)
  An adder (D:3)
  A worm (D:2)
  3 dart slugs
  4 orcs (D:3)
  3 ball pythons
  6 endoplasms
  A giant cockroach (D:3)
  4 goblins
  6 hobgoblins
  3 jackals (D:2)
  4 quokkas
  6 bats
  10 frilled lizards
  6 kobolds
  6 rats
68 creatures vanquished.

Notes
Turn   | Place    | Note
-------+----------+-------------------------------------------
     0 | D:1      | qw the Minotaur Hexslinger began the quest for the Orb.
     0 | D:1      | Reached XP level 1. HP: 16/16 MP: 1/1
     0 | D:1      | 0 ||| qw: Version: 0.3-a-46-gb1f654a
     0 | D:1      | 0 ||| qw: Game counter: 1123
     0 | D:1      | 0 ||| qw: Melee chars always use a shield: true
     0 | D:1      | 0 ||| qw: God list: Okawaru
     0 | D:1      | 0 ||| qw: Allow faded altars: false
     0 | D:1      | 0 ||| qw: Do Orc after clearing Dungeon:15 true
     0 | D:1      | 0 ||| qw: Do second Lair branch before Depths: true
     0 | D:1      | 0 ||| qw: Lair rune preference: random
     0 | D:1      | 0 ||| qw: Goals: Normal
     0 | D:1      | 0 ||| PLANNING D:1-11
   220 | D:1      | Found a faded altar of an unknown god.
   310 | D:1      | Reached skill level 3 in Ranged Weapons
   316 | D:1      | Reached XP level 2. HP: 23/23 MP: 2/2
   633 | D:1      | 633 ||| UPGRADING to +0 pair of boots.
   638 | D:1      | 638 ||| READING scroll labelled DUMNONA YSMANN.
   639 | D:1      | 639 ||| READING scroll labelled ILO SEGHEKYBI.
   740 | D:1      | 740 ||| DROPPING scroll of poison.
   812 | D:2      | Reached XP level 3. HP: 29/29 MP: 3/3
   978 | D:2      | Found Isootear's Book Shoppe.
  1055 | D:2      | Noticed Natasha
  1058 | D:2      | 1058 ||| Stepping ~*~*~tactically~*~*~ (outnumbered).
  1060 | D:2      | 1060 ||| Stepping ~*~*~tactically~*~*~ (outnumbered).
  1073 | D:2      | Killed Natasha
  1074 | D:2      | Reached skill level 4 in Ranged Weapons
  1074 | D:2      | Reached XP level 4. HP: 17/36 MP: 4/4
  1106 | D:2      | Noticed Natasha
  1129 | D:2      | 1129 ||| Stepping ~*~*~tactically~*~*~ (outnumbered).
  1133 | D:2      | HP: 8/36 [Natasha (4)]
  1134 | D:2      | Killed Natasha
  1296 | D:2      | Noticed Natasha
  1309 | D:2      | Killed Natasha
  1310 | D:2      | Reached skill level 5 in Ranged Weapons
  1559 | D:2      | 1559 ||| UPGRADING to +0 ring mail.
  1569 | D:2      | 1569 ||| DROPPING +0 robe.
  1570 | D:2      | 1570 ||| READING scroll labelled ILAGGO HAQEYG.
  1571 | D:2      | 1571 ||| READING scroll labelled IVOKODOOWN.
  1572 | D:2      | 1572 ||| DRINKING 3 golden potions.
  1632 | D:3      | 1632 ||| STAIRDANCE
  1639 | D:2      | Reached skill level 1 in Armour
  1639 | D:2      | Reached XP level 5. HP: 14/42 MP: 5/5
  1851 | D:3      | Found a faded altar of an unknown god.
  2016 | D:3      | Found a bloodstained altar of Trog.
  2069 | D:3      | Found a runed translucent gate.
  2069 | D:3      | Found a runed translucent gate.
  2069 | D:3      | Found a runed translucent gate.
  2070 | D:3      | Noticed qw's ghost (weakling GrHs)
  2071 | D:3      | Noticed qw's ghost (amateur GrHs)
  2071 | D:3      | Noticed qw's ghost (amateur MiHs)
  2071 | D:3      | Noticed qw's ghost (amateur MiHs)
  2131 | D:3      | Found a glowing silver altar of Zin.
  2165 | D:3      | Reached skill level 3 in Fighting
  2266 | D:3      | 2266 ||| READING 3 scrolls labelled HOFARA DOSHRUT.
  2271 | D:3      | 2271 ||| READING scroll labelled QUNIDU HYUCLYEN.
  2272 | D:3      | 2272 ||| DRINKING 2 inky potions.
  2314 | D:4      | Found a burning altar of Makhleb.
  2314 | D:4      | Noticed an Executioner
  2317 | D:4      | Noticed a neqoxec
  2317 | D:4      | Noticed a smoke demon
  2323 | D:4      | Noticed a lemure
  2323 | D:4      | Noticed a lemure
  2324 | D:4      | Noticed Pikel
  2326 | D:4      | Noticed a lemure
  2331 | D:4      | Noticed a lemure
  2331 | D:4      | HP: 7/45 [lemure[Pikel] (8)]
  2332 | D:4      | 2332 ||| READING 2 scrolls of teleportation.
  2332 | D:4      | HP: 1/45 [Pikel/+0 whip of electrocution (3)]
  2332 | D:4      | Demolished by Pikel

Levels and vault maps discovered:
D:1:      lemuel_arrival_broad_hall, layout_loops_cross,
          shapermc_ecumenical_altar_gd
D:2:      layout_rooms, serial_shops, shop, minmay_heptomino_h4, uniq_natasha
D:3:      layout_basic, nicolae_overflow_ecumenical_swirl, zin_academy,
          gammafunk_ghost_cemetery, minmay_lizard_king
D:4:      layout_basic, makhleb_altar_promises_db, general_overflow_altar,
          mainiacjoe_overflow_paths, chequers_decorated_corner, uniq_ijyb,
          uniq_pikel, uniq_grinder

Skill      XL: |  1  2  3  4  5 |
---------------+----------------+-----
Ranged Weapons | 3 4 5 |  5.3
Fighting       | 2 3 |  3.1
Armour         | 1 |  1.6
Dodging        | |  2.1
Spellcasting   | |  1.0
Hexes          | |  2.0

Action                     |  1- 3 |  4- 6 || total
---------------------------+-------+-------++-------
   Fire: Sling             |   108 |   154 ||   262
    Use: Scroll            |     2 |     5 ||     7
         Potion            |       |     2 ||     2
 Armour: Robe              |    17 |     3 ||    20
         Ring mail         |       |    35 ||    35
  Dodge: Dodged            |    46 |    49 ||    95

Table legend:
 A = Non-vault XP
 B = Vault XP
 C = Vault XP percentage of total XP
 D = Non-vault monster count
 E = Vault monster count
 F = Vault count percentage of total count
                 A         B        C        D         E       F
            +---------+---------+-------+---------+---------+-------
      Total |     227 |      50 |  18.1 |      58 |      10 |  14.7
            +---------+---------+-------+---------+---------+-------
        D:1 |      31 |       0 |   0.0 |      17 |       0 |   0.0
        D:2 |     148 |      44 |  22.9 |      24 |       4 |  14.3
        D:3 |      48 |       6 |  11.1 |      17 |       6 |  26.1
            +---------+---------+-------+---------+---------+-------
